 Seeded DCSS version 0.28-a0-863-g8cecda6153 (webtiles) character file.

Game seed: 20211010 (custom seed)

6258 a11behringer the Severer (level 10, -8/86 HPs)
             Began as a Hill Orc Fighter on Nov 16, 2021.
             Was an Elder of Okawaru.
             Mangled by a two-headed ogre (22 damage)
             ... on level 9 of the Dungeon.
             The game lasted 00:25:48 (8158 turns).

a11behringer the Severer (Hill Orc Fighter)         Turns: 8158, Time: 00:25:49

Health: -8/86      AC: 14    Str: 23    XL:     10   Next: 93%
Magic:  11/12      EV: 14    Int:  8    God:    Okawaru [****..]
Gold:   275        SH: 11    Dex: 13    Spells: 9/9 levels left

rFire   . . .      SeeInvis +   a - +1 war axe (elec)
rCold   . . .      Faith    .   c - +0 buckler
rNeg    . . .      Spirit   .   h - +1 chain mail
rPois   .          Reflect  +   G - +1 hat {SInv}
rElec   .          Harm     .   (no cloak)
rCorr   .          Rampage  .   (no gloves)
Will    +....                   (no boots)
Stlth   ..........              n - amulet of reflection
HPRegen 0.24/turn               m - +4 ring of evasion
MPRegen 0.13/turn               A - ring "Torhebuse" {Will+ Dex+3}

@: heroic
A: no striking features
a: Renounce Religion, Heroism, Finesse


You were on level 9 of the Dungeon.
You worshipped Okawaru.
Okawaru was greatly pleased with you.
You visited 2 branches of the dungeon, and saw 10 of its levels.

You collected 445 gold pieces.
You spent 170 gold pieces at shops.

Inventory:

Hand Weapons
 a - a +1 war axe of electrocution (weapon)
Missiles
 g - 87 bolts
 l - 51 poisoned darts (quivered)
 q - 124 arrows
 x - 5 atropa-tipped darts
Armour
 b - a +0 scale mail
 c - a +0 buckler (worn)
 h - a +1 chain mail (worn)
 G - a +1 hat of see invisible (worn)
Jewellery
 m - a +4 ring of evasion (left hand)
 n - an amulet of reflection (around neck)
 p - a ring of fire
 r - a ring of poison resistance
 t - a ring of wizardry
 v - a ring of see invisible
 A - the ring "Torhebuse" (right hand) {Will+ Dex+3}
   (You bought it in a shop on level 6 of the Dungeon)

   [ring of willpower]

   Dex:       It affects your dexterity (+3).
   Will:      It increases your willpower.
 H - an amulet of guardian spirit
Wands
 e - a wand of charming (7)
 F - a wand of flame (16)
Scrolls
 f - 5 scrolls of teleportation
 w - a scroll of enchant weapon
 y - a scroll of brand weapon
 B - 3 scrolls of amnesia
 C - a scroll of acquirement
 I - a scroll of holy word {unknown}
 J - a scroll of identify
 K - a scroll of magic mapping
Potions
 d - a potion of degeneration {unknown}
 i - 5 potions of attraction {unknown}
 j - 3 potions of heal wounds
 k - a potion of invisibility {unknown}
 o - 2 potions of lignification
 s - 3 potions of flight {unknown}
 u - a potion of haste {unknown}
 z - 2 potions of brilliance {unknown}
 D - a potion of cancellation {unknown}
 E - 2 potions of curing {unknown}


   Skills:
 + Level 7.2(12.2) Fighting
 * Level 16.4(21.4) Axes
 * Level 8.4(13.4) Armour
 - Level 5.0(10.0) Shields
 + Level 3.5 Invocations


You had 9 spell levels left.
You didn't know any spells.
Your spell library contained the following spells:

 Spells                   Type           Power      Damage    Failure   Level
 Pain                     Necr           0%         1d4       91%         1
 Ensorcelled Hibernation  Hex/Ice        0%         N/A       97%         2
 Static Discharge         Conj/Air       0%         N/A       97%         2
 Gell's Gravitas          Tloc           0%         N/A       99%         3
 Teleport Other           Tloc           0%         N/A       99%         3
 Dispel Undead            Necr           0%         3d6       100%        4
 Sticky Flame             Conj/Fire      0%         2d3       100%        4
 Agony                    Necr           0%         N/A       100%        5
 Excruciating Wounds      Necr           0%         N/A       100%        5
 Dispersal                Tloc           0%         N/A       100%        6
 Tukima's Dance           Hex            Unusable   N/A       N/A         3

Dungeon Overview and Level Annotations

Branches:
Dungeon (9/15)             Temple (1/1) D:4
   Lair: D:8-11         Orc: D:9-12

Altars:
Ashenzari
Cheibriados
Dithmenos
Elyvilon
Fedhas
Gozag
Hepliaklqana
Kikubaaqudgha
Makhleb
Nemelex Xobeh
Okawaru
Qazlal
Ru
Sif Muna
Trog
Uskayaw
Vehumet
Wu Jian
Xom
Yredelemnul
Zin
The Shining One

Shops:
D:6 *


Message History

a +0 club; a howler monkey corpse You slash the howler monkey!
Lightning courses through the howler monkey!!
You kill the howler monkey!
Okawaru accepts your kill.
A two-headed ogre comes into view.
It is wielding a +0 giant spiked club and a +0 giant club.
You gain the combat prowess of a mighty hero.
You block the two-headed ogre's attack.
The two-headed ogre hits you but does no damage.
You barely miss the two-headed ogre. You block the two-headed ogre's attack.
The two-headed ogre hits you with a +0 giant club.
You barely miss the two-headed ogre. You hit the two-headed ogre.
The two-headed ogre is lightly wounded.
The two-headed ogre hits you with a +0 giant spiked club!!
You block the two-headed ogre's attack.
You slash the two-headed ogre!
The two-headed ogre is lightly wounded.
You hit the two-headed ogre.
The two-headed ogre is moderately wounded.
You block the two-headed ogre's attack. The two-headed ogre closely misses you.
You slash the two-headed ogre!
The two-headed ogre is heavily wounded.
You hit the two-headed ogre.
Lightning courses through the two-headed ogre!
The two-headed ogre is almost dead.
The two-headed ogre hits you with a +0 giant spiked club!
The two-headed ogre hits you with a +0 giant club!!
* * * LOW HITPOINT WARNING * * *
You barely miss the two-headed ogre.
The two-headed ogre is almost dead.
You closely miss the two-headed ogre.
The two-headed ogre is almost dead.
You block the two-headed ogre's attack. x2
You barely miss the two-headed ogre.
The two-headed ogre is almost dead.
You hit the two-headed ogre but do no damage.
The two-headed ogre is almost dead.
The two-headed ogre hits you with a +0 giant spiked club!!
You die...

... ..## ... #...
..# #... ##.. #...
#..# #... ##O.#
#...##.@.##
#...#.....#
#...<.....#
#.........#
#.....))).#
#.....##..######.#
#.....####........#
#....## #..###.##
#...# #..#


You could see a two-headed ogre.

Vanquished Creatures
  Gastronok (D:8)
  A troll (D:9)
  11 yaks (D:9)
  A steam dragon (D:8)
  2 orc warriors
  2 ice beasts
  3 sky beasts
  2 black bears
  A necrophage (D:5)
  An ogre (D:4)
  2 centaurs
  2 kobold brigands
  2 bullfrogs
  A gnoll sergeant (D:7)
  3 scorpions
  A wyvern zombie (D:7)
  A water moccasin skeleton (D:4)
  4 killer bees (D:7)
  8 howler monkeys
  2 centaur zombies
  A bullfrog skeleton (D:5)
  A gnoll shaman (D:5)
  6 orc priests
  A jelly (D:7)
  3 hounds
  3 orc wizards
  Ijyb (D:3)
  2 iguanas
  A hound zombie (D:5)
  A hound skeleton (D:5)
  A howler monkey skeleton (D:6)
  3 howler monkey zombies
  16 gnolls
  9 adders
  4 white imps
  An adder skeleton (D:5)
  An adder zombie (D:5)
  2 worms
  3 dart slugs
  21 orcs
  10 ball pythons
  4 endoplasms
  3 giant cockroaches
  10 goblins
  12 hobgoblins
  6 jackals
  A quokka (D:4)
  8 bats
  3 frilled lizards
  14 kobolds
  3 rats (D:1)
206 creatures vanquished.

Vanquished Creatures (others)
  A sky beast (D:5)
1 creature vanquished.

Grand Total: 207 creatures vanquished

Notes
Turn   | Place    | Note
-------+----------+-------------------------------------------
     0 | D:1      | a11behringer the Hill Orc Fighter began the quest for the
                  | Orb.
     0 | D:1      | Reached XP level 1. HP: 19/19 MP: 1/1
   170 | D:1      | Reached XP level 2. HP: 25/27 MP: 2/2
   174 | D:1      | Reached skill level 3 in Axes
   507 | D:1      | Reached XP level 3. HP: 33/33 MP: 3/3
   520 | D:1      | Found a faded altar of an unknown god.
  1125 | D:2      | Reached skill level 4 in Axes
  1308 | D:2      | Reached XP level 4. HP: 35/40 MP: 4/4
  1781 | D:3      | Reached skill level 5 in Axes
  1827 | D:3      | Found a bloodstained altar of Trog.
  2247 | D:3      | Noticed Ijyb
  2262 | D:3      | Killed Ijyb
  2263 | D:3      | Reached XP level 5. HP: 43/46 MP: 5/5
  2532 | D:4      | Noticed an ogre
  2540 | D:4      | Killed an ogre
  2541 | D:4      | Reached skill level 6 in Axes
  2541 | D:4      | Reached XP level 6. HP: 52/52 MP: 6/6
  2710 | D:4      | Reached skill level 7 in Axes
  2806 | D:4      | Found a staircase to the Ecumenical Temple.
  2821 | Temple   | Entered the Ecumenical Temple
  2887 | Temple   | Became a worshipper of Warmaster Okawaru
  3070 | D:4      | Reached XP level 7. HP: 60/60 MP: 7/7
  3173 | D:4      | Noticed an angel
  3174 | D:4      | Found a glowing silver altar of Zin.
  3259 | D:4      | Reached skill level 8 in Axes
  3521 | D:5      | Entered Level 5 of the Dungeon
  3764 | D:5      | Reached skill level 9 in Axes
  3806 | D:5      | Reached * piety under Okawaru
  3807 | D:5      | Reached skill level 5 in Fighting
  3807 | D:5      | Reached skill level 5 in Shields
  3807 | D:5      | Reached XP level 8. HP: 68/68 MP: 8/8
  4079 | D:5      | Identified the +2 robe "Sitauf" {Int+2 Stlth+}
  4136 | D:5      | Reached skill level 10 in Axes
  4136 | D:5      | Reached skill level 1 in Invocations
  4995 | D:6      | Found Eklehocsa's Assorted Antiques.
  5011 | D:6      | Bought a flickering marble ring for 170 gold pieces
  5011 | D:6      | Identified the ring "Torhebuse" {Will+ Dex+3} (You bought
                  | it in a shop on level 6 of the Dungeon)
  5065 | D:6      | Found a sparkling altar of Nemelex Xobeh.
  5105 | D:6      | Reached skill level 11 in Axes
  5105 | D:6      | Reached skill level 5 in Armour
  5147 | D:6      | Found a white marble altar of Elyvilon.
  5494 | D:6      | Reached ** piety under Okawaru
  5495 | D:6      | Reached XP level 9. HP: 49/75 MP: 11/11
  5840 | D:7      | Reached skill level 12 in Axes
  6216 | D:7      | Identified a scroll of acquirement
  6452 | D:7      | Reached skill level 13 in Axes
  6913 | D:8      | Noticed Gastronok
  6931 | D:8      | Killed Gastronok
  6931 | D:8      | Reached *** piety under Okawaru
  6932 | D:8      | Reached skill level 14 in Axes
  6932 | D:8      | Reached XP level 10. HP: 57/84 MP: 10/12
  7001 | D:8      | Reached **** piety under Okawaru
  7314 | D:8      | Found a sacrificial altar of Ru.
  7317 | D:8      | Found a hide-covered altar of Uskayaw.
  7340 | D:8      | Reached skill level 15 in Axes
  8101 | D:9      | Reached skill level 16 in Axes
  8143 | D:9      | Noticed a two-headed ogre
  8158 | D:9      | Mangled by a two-headed ogre

Illustrated notes

Levels and vault maps discovered:
D:1:      onia_arrival_mini_maze, layout_basic,
          hellmonk_ecumenical_altar_heavens_door, minmay_misc_feat_plants,
          minivault_24
D:2:      layout_rooms, hangedman_glass_teeth, minmay_misc_feat_roman,
          kennysheep_pointless_box, guppyfry_early_orc_mine
D:3:      layout_loops_ring, trog_three_pillars_becter, uniq_ijyb
D:4:      layout_cave_pods, zin_angel, minmay_temple_entry_large_hall,
          grunt_ministairs_14, minmay_between
D:5:      layout_loops_ring, serial_rivers, chequers_serial_rivers_marsh,
          chequers_serial_rivers_small_a, chequers_serial_rivers_room_b,
          chequers_serial_rivers_large_a, chequers_serial_rivers_small_b,
          chequers_serial_rivers_room_a, kennysheep_opposing_triangles
D:6:      layout_loops_ring, mainiacjoe_overflow_24_doors,
          overflow_temple_1_default, serial_shops, nicolae_shop_window_shopping
D:7:      layout_basic
D:8:      layout_gridville, mainiacjoe_overflow_catwalk_spiral, uniq_gastronok
D:9:      nicolae_cairo_tiling_very_big, layout_cave_pods, st_stairs_12,
          chequers_serial_rivers_room_a, amcnicky_mini_corridor_feature,
          kennysheep_diamond, uniq_maggie
Temple:   nicolae_temple_elliptical

Skill      XL: |  1  2  3  4  5  6  7  8  9 10 |
---------------+-------------------------------+-----
Axes           | 3 4 5 6 7 9 11 14 16 | 16.4
Fighting       | 4 5 6 7 |  7.2
Shields        | 4 5 |  5.0
Armour         | 4 5 7 8 |  8.4
Invocations    | 3 |  3.5

Action                   |  1- 3 |  4- 6 |  7- 9 | 10-12 || total
-------------------------+-------+-------+-------+-------++-------
Melee: War axe           |    98 |   141 |   262 |    95 ||   596
Invok: Heroism           |       |       |     3 |     3 ||     6
  Use: Scroll            |       |     8 |     1 |     2 ||    11
       Potion            |       |     1 |     1 |       ||     2
Armor: Scale mail        |    12 |       |       |       ||    12
       Chain mail        |    44 |    56 |   101 |    23 ||   224
Dodge: Dodged            |    62 |    73 |    70 |    31 ||   236
Block: Buckler           |    27 |    78 |   122 |    48 ||   275
       Reflection        |       |     4 |     1 |     6 ||    11

Table legend: (Time is in decaauts)
 A = Elapsed time spent in this place.
 B = Non-inter-level travel time spent in this place.
 C = Inter-level travel time spent in this place.
 D = Time resting spent in this place.
 E = Time spent auto-exploring this place.
 F = Levels seen in this place.
 G = Mean time per level.
                   A        B        C        D        E       F      G
               +--------+--------+--------+--------+--------+-----+--------+
         Total |   8186 |   7219 |    967 |      0 |   5934 |  10 |  818.6 |
       Dungeon |   8106 |   7216 |    890 |      0 |   5934 |   9 |  900.7 |
        Temple |     79 |      2 |     77 |      0 |      0 |   1 |   79.0 |
               +--------+--------+--------+--------+--------+-----+--------+

Top non-repeatable levels by time:
     D:5: 1248 daAuts
     D:6: 1073 daAuts
     D:7: 1063 daAuts
     D:4: 917 daAuts
     D:1: 907 daAuts
     D:8: 905 daAuts
     D:2: 843 daAuts
     D:3: 838 daAuts
     D:9: 308 daAuts
  Temple: 79 daAuts
